 Dungeon Crawl Stone Soup version 0.23-a0-54-gae6112e (webtiles) character file.

1031 MovingMist the Covered (level 8, -9/50 HPs)
             Began as a Gargoyle Fighter on Aug 8, 2018.
             Was a Follower of Okawaru.
             Killed by divine providence
             ... invoked by an orc priest
              (15 damage)
             ... on level 6 of the Dungeon.
             The game lasted 00:11:19 (4740 turns).

MovingMist the Covered (Gargoyle Fighter)           Turns: 4740, Time: 00:11:20

Health: -9/50      AC: 18    Str: 20    XL:     8   Next: 23%
Magic:  7/7        EV:  7    Int:  9    God:    Okawaru [*.....]
Gold:   75         SH:  9    Dex: 11    Spells: 7/7 levels left

rFire    . . .     SeeInvis .   a - +0 flail
rCold    . . .     Gourm    .   c - +0 shield
rNeg     + . .     Faith    .   e - +0 chain mail
rPois    ∞         Spirit   .   (no helmet)
rElec    +         Reflect  .   q - +0 cloak
rCorr    +         Harm     .   (no gloves)
MR       .....                  (no boots)
Stlth    ..........             (no amulet)
HPRegen  0.16/turn              i - ring of resist corrosion
MPRegen  0.10/turn              (no ring)

@: no status effects
A: thin metallic scales 1, low mp 1, negative energy resistance 1, sense
surroundings 1, electricity resistance, unbreathing, petrification resistance,
rot immunity, AC +5
a: Heroism, Renounce Religion


You were on level 6 of the Dungeon.
You worshipped Okawaru.
Okawaru was aware of your devotion.
You were hungry.

You visited 1 branch of the dungeon, and saw 6 of its levels.

You collected 240 gold pieces.
You spent 165 gold pieces at shops.

Inventory:

Hand Weapons
 a - a +0 flail (weapon)
Armour
 c - a +0 shield (worn)
 e - a +0 chain mail (worn)
 q - a +0 cloak (worn)
Jewellery
 b - a +2 ring of intelligence
 h - an uncursed ring of magical power
 i - a ring of resist corrosion (left hand)
Scrolls
 j - 5 scrolls of remove curse {unknown}
 k - 3 scrolls of teleportation
 m - a scroll of immolation {unknown}
 o - a scroll of magic mapping {unknown}
 r - a scroll of blinking {unknown}
 s - a scroll of fog {unknown}
 t - a scroll of enchant weapon {unknown}
 u - a scroll of enchant armour {unknown}
 v - a scroll of noise {unknown}
Potions
 d - 4 potions of might
 g - 4 potions of curing
 l - a potion of lignification {unknown}
 n - a potion of cancellation {unknown}
 w - a potion of magic {unknown}
Comestibles
 f - 11 rations


   Skills:
 + Level 5.6 Fighting
 + Level 4.5 Maces & Flails
 + Level 5.6 Armour
 * Level 4.7 Dodging
 - Level 3.2 Shields


You had 7 spell levels left.
You didn't know any spells.
Your spell library contained the following spells:

 Spells                   Type           Power        Failure   Level  Hunger
 Confuse                  Hex            #.......     100%        3    ####...
 Spider Form              Tmut/Pois      #.........   100%        3    ####...
 Blade Hands              Tmut           #.........   100%        5    ######.
 Ice Form                 Ice/Tmut       #.......     100%        4    #####..
 Confusing Touch          Hex            #.....       100%        1    ##.....
 Sticks to Snakes         Tmut           #.......     100%        2    ###....
 Metabolic Englaciation   Hex/Ice        #.........   100%        5    ######.
 Petrify                  Tmut/Erth      #.......     100%        4    #####..
 Beastly Appendage        Tmut           #.....       100%        1    ##.....
 Gell's Gravitas          Tloc           #.........   100%        3    ####...
 Yara's Violent Unravell  Hex/Tmut       #.........   100%        5    ######.


Dungeon Overview and Level Annotations

Branches:
Dungeon (6/15)
 Temple: D:4-7

Altars:
Ashenzari
Cheibriados
Nemelex Xobeh
Okawaru
Qazlal
Sif Muna
Trog
The Shining One

Shops:
D:5 !

Annotations:
D:3 2 transporters


Innate Abilities, Weirdness & Mutations

You are resistant to torment.
Your stone body is resilient. (AC +5)
You are immune to poison.
You resist negative energy. (rN+)
You are resistant to electric shocks. (rElec)
You can survive without breathing.
You are immune to petrification.
You are immune to rotting.
You are partially covered in thin metallic scales. (AC +2)
Your magical capacity is low. (-10% MP)
You passively map a small area around you.


Message History

You hit the orc priest.
The orc priest is severely wounded.
The centaur shoots an arrow.
The arrow hits you.
* * * LOW HITPOINT WARNING * * *
The crimson imp blinks!
You block the orc priest's attack.
You hit the orc priest.
The orc priest is almost dead.
The centaur unwields an uncursed shortbow.
You block the centaur's attack. The crimson imp barely misses you.
The orc priest hits you with a war axe.
* * * LOW HITPOINT WARNING * * *
You closely miss the orc priest.
The orc priest is almost dead.
The centaur hits you.
* * * LOW HITPOINT WARNING * * *
The centaur hits you but does no damage.
You block the crimson imp's attack.
The orc priest invokes the aid of Beogh against you.
Beogh smites you!
You die...

* , .##.....#..# , * ,,
.. ....##.#..## # , , ,
, ,.. ##.........##.. *
##. #.............. * ,
.. #.............. ,
#.*#...........#.
######.##.....(....#...
,
..%.......c((..<.......,
######..o@5((...(....!.
*
........#..............
*
#...##..##.............
,
.#.........##...#####..
,.........(.....## . ,
..............## ,
........(...###
...##...#...# ...
#.#...#.#* *


You could see a centaur, an orc priest and a crimson imp.

Vanquished Creatures
  Sigmund (D:3)
  Eustachio (D:5)
  2 ogres (D:5)
  2 scorpions
  A howler monkey (D:5)
  A crimson imp (D:2)
  A jelly (D:5)
  An orc priest (D:6)
  2 bullfrog skeletons (D:5)
  An orc wizard (D:4)
  5 worker ants
  A worker ant zombie (D:5)
  An adder (D:2)
  3 gnolls
  A shadow imp (D:5)
  An ooze (D:3)
  2 worms
  3 dart slugs (D:1)
  2 leopard geckos (D:2)
  6 orcs
  5 giant cockroaches
  7 goblins
  A hobgoblin (D:1)
  7 jackals
  4 quokkas
  A ball python (D:2)
  4 bats
  5 frilled lizards
  A jackal skeleton (D:6)
  4 kobolds
  6 rats
83 creatures vanquished.

Notes
Turn   | Place    | Note
-------+----------+-------------------------------------------
     0 | D:1      | MovingMist the Gargoyle Fighter began the quest for the Orb.
     0 | D:1      | Reached XP level 1. HP: 14/14 MP: 1/1
   221 | D:1      | Reached XP level 2. HP: 17/19 MP: 2/2
   423 | D:1      | Reached skill level 1 in Dodging
   493 | D:1      | Reached XP level 3. HP: 22/23 MP: 3/3
   898 | D:2      | Reached XP level 4. HP: 29/29 MP: 4/4
  1076 | D:2      | Found a shattered altar of Ashenzari.
  1350 | D:2      | Found a deep blue altar of Sif Muna.
  1397 | D:2      | Found a stormy altar of Qazlal.
  1469 | D:3      | Noticed Sigmund
  1506 | D:3      | Killed Sigmund
  1506 | D:3      | Reached XP level 5. HP: 22/34 MP: 0/5
  1506 | D:3      | Reached XP level 6. HP: 25/39 MP: 0/6
  2086 | D:3      | Found a transporter.
  2110 | D:3      | Found a transporter.
  2154 | D:3      | Found a bloodstained altar of Trog.
  2331 | D:4      | Found an iron altar of Okawaru.
  2339 | D:4      | Became a worshipper of Warmaster Okawaru
  2498 | D:4      | Found a snail-covered altar of Cheibriados.
  3123 | D:5      | Entered Level 5 of the Dungeon
  3130 | D:5      | Reached XP level 7. HP: 39/44 MP: 7/7
  3433 | D:5      | Reached * piety under Okawaru
  3433 | D:5      | Reached skill level 5 in Armour
  3446 | D:5      | Reached skill level 5 in Fighting
  3687 | D:5      | Found Botuxaev's Distillery.
  3695 | D:5      | Bought a potion of curing for 45 gold pieces
  3695 | D:5      | Bought a potion of mutation for 120 gold pieces
  3695 | D:5      | Gained mutation: You possess an exceptional clarity of mind. [potion of mutation]
  3695 | D:5      | Gained mutation: Your mind is acute. (Int +2) [potion of mutation]
  3695 | D:5      | Gained mutation: Your spells are a little harder to cast, but a little more powerful. [potion of mutation]
  3696 | D:5      | Lost mutation: Your mind is acute. (Int +2) [potion of mutation]
  3696 | D:5      | Lost mutation: You possess an exceptional clarity of mind. [potion of mutation]
  3696 | D:5      | Lost mutation: Your spells are a little harder to cast, but a little more powerful. [potion of mutation]
  3696 | D:5      | Gained mutation: You are clumsy. (Dex -2) [potion of mutation]
  3696 | D:5      | Gained mutation: You are partially covered in thin metallic scales. (AC +2) [potion of mutation]
  3696 | D:5      | Gained mutation: You have large cloven feet. [potion of mutation]
  3697 | D:5      | Lost mutation: You have large cloven feet. [potion of mutation]
  3697 | D:5      | Lost mutation: You are clumsy. (Dex -2) [potion of mutation]
  3697 | D:5      | Gained mutation: Your magical capacity is low. (-10% MP) [potion of mutation]
  3697 | D:5      | Gained mutation: You passively map a small area around you. [potion of mutation]
  3733 | D:5      | Noticed Eustachio
  3763 | D:5      | Killed Eustachio
  3988 | D:5      | Found a sparkling altar of Nemelex Xobeh.
  4018 | D:5      | Found a glowing golden altar of the Shining One.
  4028 | D:5      | Reached XP level 8. HP: 46/49 MP: 7/7
  4740 | D:6      | Killed from afar by an orc priest

Vault maps used:
D:1:      nagdon_arrival_zigzag_paths, minmay_misc_feat_chi
D:2:      grunt_qazlal_sundering, evilmike_ruin_ashenzari, first_ration,
          led_sif_pool
D:3:      gammafunk_wand_slinger, lemuel_doored_altar, uniq_sigmund
D:4:      lemuel_round_altar, okawaru_ov_weapons_minmay, hex_medium
D:5:      nemelex_xobeh_ov_fountains_minmay, lemuel_crystal_altar, serial_shops,
          shop, uniq_eustachio
D:6:      minivault_24

Skill      XL: |  1  2  3  4  5  6  7 |
---------------+----------------------+-----
Dodging        | 1 2 3 4 |  4.7
Fighting       | 4 5 |  5.6
Maces & Flails | 3 4 |  4.5
Armour         | 4 5 |  5.6
Shields        | |  3.2

Action                   |  1- 3 |  4- 6 |  7- 9 || total
-------------------------+-------+-------+-------++-------
Melee: Flail             |   109 |   169 |   145 ||   423
  Use: Scroll            |       |     4 |     1 ||     5
       Potion            |       |       |     3 ||     3
  Eat: Chunk             |       |     7 |     2 ||     9
       Ration            |       |       |     1 ||     1
Armor: Chain mail        |    83 |   108 |   121 ||   312
       Scale mail        |     1 |       |       ||     1
Dodge: Dodged            |    28 |    43 |    45 ||   116
Block: Shield            |    68 |    90 |    83 ||   241

Table legend:
 A = Spawn XP
 B = Non-spawn XP
 C = Spawn XP percentage of total XP
 D = Spawn monster count
 E = Non-spawn monster count
 F = Spawn count percentage of total count
 G = Total turns spent on level
                    A         B        C        D         E        F      G
               +---------+---------+-------+---------+---------+-------+---------
         Total |       0 |    1474 |   0.0 |       0 |      83 |   0.0 |  4740
               +---------+---------+-------+---------+---------+-------+---------
           D:1 |       0 |      44 |   0.0 |       0 |      25 |   0.0 |   864
           D:2 |       0 |     113 |   0.0 |       0 |      16 |   0.0 |   816
           D:3 |       0 |     251 |   0.0 |       0 |       8 |   0.0 |   638
           D:4 |       0 |     188 |   0.0 |       0 |      12 |   0.0 |   805
           D:5 |       0 |     836 |   0.0 |       0 |      20 |   0.0 |  1556
           D:6 |       0 |      42 |   0.0 |       0 |       2 |   0.0 |    61
               +---------+---------+-------+---------+---------+-------+---------
